 Dungeon Crawl Stone Soup version 0.28.0-45-g0d030f2227 (webtiles) character file.

Game seed: 14302539603397639420

42 Ablot the Grasshopper (level 3, 0/31 HPs)
             Began as a Gnoll Warper on Apr 1, 2022.
             Slain by an orc
             ... wielding a +0 whip
              (4 damage)
             ... on level 2 of the Dungeon.
             The game lasted 00:01:13 (1869 turns).

Ablot the Grasshopper (Gnoll Warper)                Turns: 1869, Time: 00:01:14

Health: 0/31       AC:  3    Str: 12    XL:     3   Next: 54%
Magic:  9/9        EV: 12    Int: 12    God:
Gold:   64         SH:  0    Dex: 11    Spells: 10/12 levels left

rFire   . . .      SeeInvis .   i - +0 dagger (venom)
rCold   . . .      Faith    .   (no shield)
rNeg    . . .      Spirit   .   b - +0 leather armour
rPois   .          Reflect  .   (no helmet)
rElec   .          Harm     .   (no cloak)
rCorr   .          Rampage  .   (no gloves)
Will    .....                   (no boots)
Stlth   +.........              (no amulet)
HPRegen 0.10/turn               (no ring)
MPRegen 0.11/turn               (no ring)

@: lethally poisoned (0 -> -7)
A: fangs 1, strong nose, distributed training
a: no special abilities


You were on level 2 of the Dungeon.
You visited 1 branch of the dungeon, and saw 2 of its levels.

You collected 64 gold pieces.

Inventory:

Hand Weapons
 a - a +0 spear
 i - a +0 dagger of venom (weapon)
Missiles
 d - 5 boomerangs of dispersal (quivered)
 f - 80 arrows
 j - 20 stones
Armour
 b - a +0 leather armour (worn)
Scrolls
 c - a scroll of blinking
 e - 2 scrolls of teleportation {unknown}
 h - a scroll of fog {unknown}
 l - a scroll of noise {unknown}
Potions
 g - 2 potions of might {unknown}
 k - a potion of heal wounds {unknown}


   Skills:
 + Level 4.5 Fighting
 + Level 0.8 Short Blades
 + Level 0.8 Long Blades
 + Level 0.8 Axes
 + Level 0.8 Maces & Flails
 + Level 4.5 Polearms
 + Level 0.8 Staves
 + Level 0.8 Slings
 + Level 0.8 Bows
 + Level 0.8 Crossbows
 + Level 2.6 Throwing
 + Level 2.6 Armour
 + Level 4.5 Dodging
 + Level 0.8 Stealth
 + Level 0.8 Shields
 + Level 0.8 Unarmed Combat
 + Level 5.0 Spellcasting
 + Level 0.5 Conjurations
 + Level 0.5 Hexes
 + Level 0.5 Summonings
 + Level 0.5 Necromancy
 + Level 5.4 Translocations
 + Level 0.5 Transmutations
 + Level 0.5 Fire Magic
 + Level 0.5 Ice Magic
 + Level 0.5 Air Magic
 + Level 0.5 Earth Magic
 + Level 0.5 Poison Magic
 + Level 1.0 Invocations
 + Level 0.8 Evocations


You had 10 spell levels left.
You knew the following spells:

 Your Spells              Type           Power      Damage    Failure   Level
a - Blink                 Tloc           32%        N/A       4%          2

Your spell library contained the following spells:

 Spells                   Type           Power      Damage    Failure   Level
 Gell's Gravitas          Tloc           16%        N/A       9%          3
 Lesser Beckoning         Tloc           16%        N/A       9%          3
 Teleport Other           Tloc           16%        N/A       9%          3
 Manifold Assault         Tloc           16%        N/A       58%         5
 Animate Armour           Summ/Erth      8%         N/A       89%         4
 Blade Hands              Tmut           2%         N/A       99%         5
 Iron Shot                Conj/Erth      2%         9d2       100%        6


Dungeon Overview and Level Annotations

Branches:
Dungeon (2/15)

Altars:


Innate Abilities, Weirdness & Mutations

You have very sharp teeth.
Your uncanny sense of smell can sniff out nearby items.
Your experience applies equally to all skills.


Message History

The orc wizard flickers and vanishes!
Deactivating autopickup; reactivate with Ctrl-A.
You barely miss the goblin.
The goblin is heavily wounded.
The goblin closely misses you. The orc completely misses you.
You barely miss the goblin.
The goblin is moderately wounded.
The goblin hits you with a +0 dagger.
You barely miss the goblin. You punch the goblin.
You kill the goblin!
The orc hits you with a +0 whip. The orc misses you.
You hit the orc.
The orc is poisoned.
The orc is heavily wounded.
The orc misses you. The orc hits you with a +0 dagger.
You barely miss the orc. You bite the orc.
The orc is severely wounded.
You kill the orc!
The orc barely misses you. Something hits you.
You are poisoned.
You hit the orc but do no damage.
The orc is poisoned.
You feel sick. The orc hits you with a +0 whip. Something barely misses you.
You hit the orc but do no damage.
The orc looks even sicker.
You feel sick. The orc hits you with a +0 whip.
Something hits you but does no damage.
You are more poisoned.
You barely miss the orc.
The orc is moderately wounded.
You feel very sick. The orc hits you with a +0 whip.
You hear some strange, mumbled words.
A puff of flame appears from out of thin air!
The puff of flame misses you.
You barely miss something.
* * * LOW HITPOINT WARNING * * *
You feel very sick. The orc closely misses you. Something hits you.
* * * LOW HITPOINT WARNING * * *
You barely miss something.
* * * LOW HITPOINT WARNING * * *
You feel sick. The orc hits you with a +0 whip.
You die...

## #. ##+###
###########
#....#####........##
+.{@.'..............
#.)o.#####.........#
........#
#.........#
..?......+
#########.#
.........# # #..#
....#....#
#####.##..#
..........
...........
###+#.....
..........#
#####......


You could see an orc (very poisoned).

Vanquished Creatures
  2 dart slugs (D:1)
  An orc (D:2)
  2 endoplasms
  6 goblins
  6 hobgoblins
  2 jackals (D:2)
  2 kobolds
  3 quokkas
  2 ball pythons (D:1)
  A bat (D:1)
  4 frilled lizards (D:2)
31 creatures vanquished.

Notes
Turn   | Place    | Note
-------+----------+-------------------------------------------
     0 | D:1      | Ablot the Gnoll Warper began the quest for the Orb.
     0 | D:1      | Reached XP level 1. HP: 20/20 MP: 6/6
   155 | D:1      | Reached XP level 2. HP: 25/26 MP: 7/7
   158 | D:1      | Learned a level 2 spell: Blink
   845 | D:1      | Reached XP level 3. HP: 12/31 MP: 9/9
  1378 | D:2      | Reached skill level 5 in Spellcasting
  1834 | D:2      | Reached skill level 1 in Invocations
  1869 | D:2      | Slain by an orc

Illustrated notes

Levels and vault maps discovered:
D:1:      lightli_arrival_farm, layout_basic
D:2:      layout_basic, serial_shops, nicolae_square_shop, basic_altar,
          kennysheep_minor_cross, nicolae_concentric_dashed_squares_mild

Skill      XL: |  1  2  3 |
---------------+----------+-----
Spellcasting   | 5 |  5.0
Invocations    | 1 |  1.0
Fighting       | |  4.5
Short Blades   | |  0.8
Long Blades    | |  0.8
Axes           | |  0.8
Maces & Flails | |  0.8
Polearms       | |  4.5
Staves         | |  0.8
Slings         | |  0.8
Bows           | |  0.8
Crossbows      | |  0.8
Throwing       | |  2.6
Armour         | |  2.6
Dodging        | |  4.5
Stealth        | |  0.8
Shields        | |  0.8
Unarmed Combat | |  0.8
Conjurations   | |  0.5
Hexes          | |  0.5
Summonings     | |  0.5
Necromancy     | |  0.5
Translocations | |  5.4
Transmutations | |  0.5
Fire Magic     | |  0.5
Ice Magic      | |  0.5
Air Magic      | |  0.5
Earth Magic    | |  0.5
Poison Magic   | |  0.5
Evocations     | |  0.8

Action                   || total
-------------------------++-------
Melee: Spear             ||    71
       Bite              ||    12
       Dagger            ||    71
       Punch             ||     1
 Stab: Sleeping          ||     1
Armor: Leather armour    ||    30
Dodge: Dodged            ||    66
